 Dungeon Crawl Stone Soup version 0.18.1-48-g4cf74bf (webtiles) character file.

10445 Galewin the Severer (level 11, -3/123 HPs)
             Began as a Minotaur Berserker on Sept 8, 2016.
             Was a High Priest of Trog.
             Slain by a seven-headed hydra (7 damage)
             ... on level 12 of the Dungeon.
             The game lasted 00:38:48 (9210 turns).

Galewin the Severer (Minotaur Berserker)            Turns: 9210, Time: 00:38:50

Health: -3/123     AC: 22    Str: 29    XL:     11   Next: 36%
Magic:  10/10      EV: 10    Int:  4    God:    Trog [*****.]
Gold:   715        SH:  0    Dex: 11    Spells: 0 memorised, 10 levels left

rFire  . . .     SeeInvis .     t - +5 executioner's axe (venom)
rCold  . . .     Gourm    .     k - +1 plate armour
rNeg   . . .     Faith    .     (shield currently unavailable)
rPois  .         Spirit   .     (helmet restricted)
rElec  .         Dismiss  .     (no cloak)
rCorr  .         Reflect  .     e - +2 pair of gloves
SustAt .         Harm     .     a - +0 pair of boots
MR     +++..                    (no amulet)
Stlth  ..........               y - ring of protection from magic
                                g - +3 ring of protection

@: berserking, regenerating, very quick, extremely resistant to hostile
enchantments, extremely unstealthy
A: retaliatory headbutt, horns 2
a: Berserk, Trog's Hand, Brothers in Arms, Burn Spellbooks, Renounce Religion


You were on level 12 of the Dungeon.
You worshipped Trog.
Trog was extremely pleased with you.
You were very hungry.

You visited 1 branch of the dungeon, and saw 12 of its levels.

You collected 715 gold pieces.

Inventory:

Hand Weapons
 t - a +5 executioner's axe of venom (weapon)
Armour
 a - a +0 pair of boots (worn)
 e - a +2 pair of gloves (worn)
 k - a +1 plate armour (worn)
Jewellery
 g - a +3 ring of protection (left hand)
 v - an uncursed ring of resist corrosion
 y - a ring of protection from magic (right hand)
 F - an uncursed ring of flight
Wands
 j - a wand of teleportation (5/9)
 x - a wand of digging (12/24)
 A - a wand of confusion (26/48)
Scrolls
 b - a scroll of vulnerability {unknown}
 h - 2 scrolls of noise {unknown}
 m - 3 scrolls of identify
 o - 6 scrolls of remove curse {unknown}
 p - 3 scrolls of recharging
 r - 5 scrolls of fog
 z - 2 scrolls of enchant weapon {unknown}
 B - a scroll of blinking
 C - 4 scrolls of teleportation {unknown}
 H - 3 scrolls of amnesia {unknown}
 K - a scroll of magic mapping
Potions
 d - 5 potions of curing {unknown}
 f - 3 potions of brilliance {unknown}
 i - 2 potions of cure mutation {unknown}
 l - 2 potions of might {unknown}
 n - 3 potions of lignification {unknown}
 q - 5 potions of haste
 s - a potion of flight {unknown}
 u - a potion of degeneration {unknown}
 w - 2 potions of invisibility {unknown}
 D - a potion of mutation {unknown}
 G - 2 potions of heal wounds {unknown}
 I - a potion of ambrosia {unknown}
Comestibles
 c - 7 bread rations
 E - 6 meat rations


   Skills:
 - Level 3.6 Fighting
 * Level 17.7 Axes
 + Level 7.7 Armour
 + Level 6.8 Dodging


You had 10 spell levels left.
You didn't know any spells.

Dungeon Overview and Level Annotations

Branches:
Dungeon (12/15)            Temple (0/1) D:6            Lair (0/8) D:8
    Orc (0/2) D:11

Altars:
Ashenzari
Cheibriados
Gozag
Kikubaaqudgha
Okawaru
Pakellas
Qazlal
Yredelemnul
Beogh

Shops:
D:9 *   D:11 !


Innate Abilities, Weirdness & Mutations

You reflexively headbutt those who attack you in melee.
You have a pair of horns on your head.


Message History

The four-headed hydra grows two more!
You slash the six-headed hydra! You headbutt the six-headed hydra!
The six-headed hydra is heavily wounded.
The six-headed hydra completely misses you.
The six-headed hydra closely misses you.
The six-headed hydra barely misses you.
The six-headed hydra bites you but does no damage. x2
The six-headed hydra bites you!
* * * LOW HITPOINT WARNING * * *
Your ogre hits the slime creature with a giant spiked club!
The slime creature dies!
Trog accepts your kill.
You slice one of the six-headed hydra's heads off!
The five-headed hydra grows two more!
You slice the seven-headed hydra!!
The seven-headed hydra is severely wounded.
The seven-headed hydra closely misses you.
You furiously retaliate!
You headbutt the seven-headed hydra!
The seven-headed hydra bites you but does no damage.
The seven-headed hydra bites you!
You die...

.?..........# ...........#
..........?#......# #.........
......# #.......#+#......#
#.......#........#
#.......#........#
#..†....#........#
+....O@.+........#
#......!..##...D).#........#
#..........#......+........#####
#..........#......#............#
#..........#......#............#
#..........#......#............(
#..........#..###.#'####........
...........#..+.#......#.######.
...........#..#.#......#.#....#..


You could see a seven-headed hydra and a friendly ogre (berserk).

Vanquished Creatures
  An unseen horror (D:10)
  An ugly thing (D:11)
  2 cyclopes (D:11)
  The ghost of theElss the Conjurer, a novice HECj (D:6)
  Psyche (D:11)
  A troll (D:9)
  Prince Ribbit (D:7)
  A wyvern (D:10)
  3 hippogriffs
  Menkaure (D:5)
  A mottled dragon (D:11)
  4 orc warriors
  3 sky beasts
  An ice beast (D:10)
  3 black bears
  A phantom (D:8)
  2 wasps
  6 ogres
  6 centaurs
  2 crocodiles
  A big kobold (D:6)
  6 giant frogs
  4 scorpions
  18 wights
  4 howler monkeys
  2 centaur zombies (D:6)
  6 crimson imps
  6 hounds
  3 jellies
  A quasit (D:7)
  A wasp zombie (D:8)
  A giant frog zombie (D:12)
  9 orc wizards
  Crazy Yiuf (D:6)
  9 orc priests
  A gnoll shaman (D:5)
  6 giant frog skeletons
  3 iguanas
  7 worker ants
  2 worker ant zombies
  Robin (D:2)
  8 gnolls
  10 adders
  2 shadow imps
  3 oozes
  3 adder zombies
  2 adder skeletons
  4 worms
  4 dart slugs
  6 giant geckos
  53 orcs
  7 bats
  4 giant cockroaches
  17 goblins
  11 hobgoblins
  16 jackals
  20 kobolds
  5 quokkas
  A giant gecko skeleton (D:4)
  7 giant newts
  A quokka skeleton (D:6)
  12 rats
330 creatures vanquished.

Vanquished Creatures (collateral kills)
  An ugly thing (D:11)
  A gargoyle (D:11)
  3 slime creatures (D:12)
  An orc warrior (D:11)
  A big kobold (D:11)
  A worker ant (D:12)
  A kobold (D:11)
9 creatures vanquished.

Grand Total: 339 creatures vanquished

Notes
Turn   | Place    | Note
--------------------------------------------------------------
     0 | D:1      | Galewin the Minotaur Berserker began the quest for the Orb.
     0 | D:1      | Reached XP level 1. HP: 19/19 MP: 0/0
    28 | D:1      | Reached skill level 4 in Axes
    56 | D:1      | Reached XP level 2. HP: 12/26 MP: 1/1
   280 | D:1      | Reached ** piety under Trog
   280 | D:1      | Reached skill level 5 in Axes
   619 | D:1      | Reached XP level 3. HP: 31/31 MP: 2/2
   772 | D:2      | Noticed Robin
   785 | D:2      | Killed Robin
   846 | D:2      | Reached *** piety under Trog
   846 | D:2      | Reached XP level 4. HP: 26/39 MP: 3/3
   880 | D:2      | Reached skill level 6 in Axes
  1442 | D:3      | Reached skill level 7 in Axes
  1442 | D:3      | Reached XP level 5. HP: 45/45 MP: 4/4
  1452 | D:3      | Reached skill level 8 in Axes
  1454 | D:3      | Reached XP level 6. HP: 51/51 MP: 5/5
  1494 | D:3      | Found an ancient bone altar of Kikubaaqudgha.
  1737 | D:3      | Found a roughly hewn altar of Beogh.
  1810 | D:3      | Reached **** piety under Trog
  1811 | D:3      | Reached skill level 9 in Axes
  2021 | D:4      | Found a shattered altar of Ashenzari.
  2169 | D:4      | Reached XP level 7. HP: 41/57 MP: 2/6
  2374 | D:4      | Reached skill level 10 in Axes
  2657 | D:5      | Entered Level 5 of the Dungeon
  2855 | D:5      | Noticed Menkaure
  2861 | D:5      | Killed Menkaure
  2861 | D:5      | Reached skill level 11 in Axes
  3367 | D:5      | Reached XP level 8. HP: 59/64 MP: 7/7
  3405 | D:5      | Reached ***** piety under Trog
  3515 | D:6      | Found an oddly glowing altar of Pakellas.
  3517 | D:6      | Found an opulent altar of Gozag.
  3529 | D:6      | Reached skill level 12 in Axes
  3666 | D:6      | Noticed theElss's ghost (novice HECj)
  3677 | D:6      | Killed theElss's ghost
  3677 | D:6      | Reached skill level 13 in Axes
  3705 | D:6      | Found a staircase to the Ecumenical Temple.
  3708 | D:6      | Reached XP level 9. HP: 37/70 MP: 8/8
  3768 | D:6      | Noticed Crazy Yiuf
  3775 | D:6      | Killed Crazy Yiuf
  3918 | D:6      | Reached skill level 14 in Axes
  4374 | D:7      | Noticed Prince Ribbit
  4391 | D:7      | Killed Prince Ribbit
  4395 | D:7      | Found a snail-covered altar of Cheibriados.
  4588 | D:7      | Reached skill level 15 in Axes
  5138 | D:8      | Received a gift from Trog
  5143 | D:8      | HP: 2/70 [wasp (5)]
  5148 | D:9      | HP: 2/70 [poisoned by a wasp]
  5775 | D:8      | Found a staircase to the Lair.
  5794 | D:8      | Reached skill level 16 in Axes
  5846 | D:8      | Reached XP level 10. HP: 57/77 MP: 9/9
  6507 | D:9      | Found a stormy altar of Qazlal.
  6510 | D:9      | Found Jyask's Assorted Antiques.
  6635 | D:9      | Got a scorched jade ring
  6866 | D:9      | Found a basalt altar of Yredelemnul.
  6932 | D:9      | Identified the ring of Descent {Ice +Fly Int+2 Dex+3} (You found it on level 9 of the Dungeon)
  6964 | D:10     | Entered Level 10 of the Dungeon
  7134 | D:10     | Reached skill level 5 in Armour
  7267 | D:10     | Killed an unseen horror
  7658 | D:11     | Reached skill level 5 in Dodging
  7831 | D:10     | Reached skill level 17 in Axes
  7962 | D:11     | Noticed a red ugly thing
  7976 | D:11     | Killed a red ugly thing
  7986 | D:11     | Noticed a purple ugly thing
  7996 | D:11     | HP: 3/77 [purple ugly thing (7)]
  8007 | D:11     | Killed a purple ugly thing
  8007 | D:11     | Reached XP level 11. HP: 15/82 MP: 10/10
  8179 | D:11     | Found a roughly hewn altar of Beogh.
  8220 | D:11     | Found a staircase to the Orcish Mines.
  8252 | D:11     | Noticed Psyche
  8256 | D:11     | Killed Psyche
  8361 | D:11     | Found Lyvoywan's Distillery.
  8612 | D:11     | Found an iron altar of Okawaru.
  9192 | D:12     | Noticed a four-headed hydra
  9209 | D:12     | HP: 3/123 [six-headed hydra (9)]
  9210 | D:12     | Slain by a seven-headed hydra

Skill      XL: |  1  2  3  4  5  6  7  8  9 10 11 |
---------------+----------------------------------+-----
Axes           | 4 5 7 8 9 11 13 16 17 | 17.7
Armour         | 3 6 7 |  7.7
Dodging        | 3 5 6 |  6.8
Fighting       | |  3.6

Action                   |  1- 3 |  4- 6 |  7- 9 | 10-12 || total
-------------------------+-------+-------+-------+-------++-------
Melee: Hand axe          |    79 |   120 |    28 |       ||   227
       Headbutt          |    10 |    28 |    49 |    40 ||   127
       War axe           |       |       |   268 |       ||   268
       Executioner's axe |       |       |    29 |   210 ||   239
Invok: Berserk           |     1 |     2 |     6 |     6 ||    15
       Trog's Hand       |       |       |     1 |     2 ||     3
       Brothers in Arms  |       |       |       |     4 ||     4
       Burn Spellbooks   |       |       |       |     1 ||     1
Evoke: Wand              |       |       |       |     1 ||     1
  Use: Scroll            |     4 |     3 |     5 |     6 ||    18
 Stab: Distracted        |     1 |       |       |     1 ||     2
  Eat: Chunk             |     1 |     6 |    10 |    16 ||    33
       Meat ration       |       |       |     1 |       ||     1
       Royal jelly       |       |       |     1 |       ||     1
       Pizza             |       |       |     1 |       ||     1
Armor: Animal skin       |    15 |    17 |       |       ||    32
       Ring mail         |       |       |   124 |     5 ||   129
       Plate armour      |       |       |       |   170 ||   170
Dodge: Dodged            |    55 |    55 |   201 |   127 ||   438
